 Dungeon Crawl Stone Soup version 0.19.0-2-gae57169 (webtiles) character file.

81 Peloso the Skirmisher (level 4, 0/38 (40) HPs)
             Began as a Ghoul Fighter on Nov 3, 2016.
             Slain by an orc
             ... wielding a +0 trident
              (6 damage)
             ... on level 3 of the Dungeon.
             The game lasted 00:04:01 (1754 turns).

Peloso the Skirmisher (Ghoul Fighter)               Turns: 1754, Time: 00:04:01

HP:   0/38 (40)     AC:  6    Str: 19    XL:     4   Next: 40%
MP:   3/3           EV:  7    Int:  3    God:
Gold: 93            SH:  9    Dex: 11    Spells: 0 memorised, 3 levels left

rFire  . . .     SeeInvis .     a - +0 long sword
rCold  + . .     Gourm    .     b - +0 scale mail
rNeg   + + +     Faith    .     c - +0 shield
rPois  ∞         Spirit   .     (no helmet)
rElec  .         Reflect  .     (no cloak)
rCorr  .         Harm     .     (no gloves)
MR     .....                    (no boots)
Stlth  ..........               p - amulet of regeneration
                                l - ring of wizardry
                                j - +2 ring of dexterity

@: rotting
A: rotting body, claws 1, carnivore 3, cold resistance 1, negative energy
resistance 3, slow regeneration 1, torment resistance, unbreathing
a: no special abilities


You were on level 3 of the Dungeon.
You were not hungry.

You visited 1 branch of the dungeon, and saw 3 of its levels.

You collected 93 gold pieces.

Inventory:

Hand Weapons
 a - a +0 long sword (weapon)
 i - a +0 hand axe of flaming
Armour
 b - a +0 scale mail (worn)
 c - a +0 shield (worn)
Jewellery
 j - a +2 ring of dexterity (left claw)
 l - a ring of wizardry (right claw)
 p - an amulet of regeneration (around neck)
Scrolls
 g - a scroll of identify {unknown}
 h - a scroll of amnesia {unknown}
 k - a scroll of magic mapping {unknown}
 m - a scroll of enchant weapon {unknown}
 n - 3 scrolls of remove curse {unknown}
 q - a scroll of noise {unknown}
Potions
 d - a potion of might
 e - a potion of curing {unknown}
 o - a potion of lignification {unknown}
 s - a potion of cancellation {unknown}
Comestibles
 f - a meat ration
 r - a beef jerky


   Skills:
 + Level 3.8 Fighting
 + Level 2.0 Long Blades
 + Level 3.4 Armour
 + Level 0.6 Dodging
 + Level 0.5 Stealth
 + Level 3.3 Shields


You had 3 spell levels left.
You didn't know any spells.

Dungeon Overview and Level Annotations

Branches:
Dungeon (3/15)

Altars:
Hepliaklqana
Nemelex Xobeh


Innate Abilities, Weirdness & Mutations

Your body is rotting away.
You thrive on raw meat.
You are immune to poison.
You have sharp fingernails.
You are carnivorous and can eat meat at any time.
Your flesh is cold resistant. (rC+)
You are immune to negative energy. (rN+++)
You regenerate slowly when monsters are visible.
You are immune to unholy pain and torment.
You can survive without breathing.


Message History

You slash the orc wizard!
You kill the orc wizard!
Your Long Blades skill increases to level 2!
You have reached level 4!
The orc hits you but does no damage. The orc barely misses you.
Things that are here:
a dagger; a robe; an orc corpse You hit the orc.
The orc is severely wounded.
The orc hits you but does no damage.
Your shield prevents you from hitting the orc.
The orc is severely wounded.
The orc hits you but does no damage.
You hit the orc but do no damage.
The orc is severely wounded.
The orc hits you with a trident.
* * * LOW HITPOINT WARNING * * *
The orc hits you with a trident.
You die...

#......#######.##
#....#).# #.#
##.#<#..######.#
#.#.#.....(.#.# ######
#.#.........#.#
#..).###.#...........##
#....#...#.###..##.†...
#....#.###.# ##.#......
#....#@# #.# #.#......
..###.o..#o#.#.#
#.#......
......Ko.oo..#.#
#..#.....
..#########..#.
#...#..... ..#
#...#..... )...
#.....#.## .....
......#..
.....#.###..#.##
.....#. #..


You could see 3 orcs.

Vanquished Creatures
  An orc wizard (D:3)
  A worm (D:2)
  3 dart slugs (D:1)
  2 leopard geckos
  An orc (D:3)
  A ball python (D:2)
  2 giant cockroaches
  3 goblins
  5 hobgoblins
  4 jackals (D:1)
  6 bats
  4 frilled lizards
  6 kobolds
  5 rats
44 creatures vanquished.

Notes
Turn   | Place    | Note
-------+----------+-------------------------------------------
     0 | D:1      | Peloso the Ghoul Fighter began the quest for the Orb.
     0 | D:1      | Reached XP level 1. HP: 19/19 MP: 0/0
   180 | D:1      | Reached XP level 2. HP: 24/26 MP: 1/1
   478 | D:1      | Reached XP level 3. HP: 31/31 MP: 2/2
   757 | D:2      | Found a hazy altar of Hepliaklqana.
  1088 | D:2      | Found a sparkling altar of Nemelex Xobeh.
  1750 | D:3      | Reached XP level 4. HP: 8/38 MP: 3/3
  1754 | D:3      | Slain by an orc

Skill      XL: |  1  2  3 |
---------------+----------+-----
Armour         | 3 |  3.4
Shields        | 3 |  3.3
Long Blades    | 2 |  2.0
Fighting       | |  3.8
Dodging        | |  0.6
Stealth        | |  0.5

Action                   |  1- 3 |  4- 6 || total
-------------------------+-------+-------++-------
Melee: Long sword        |   162 |     3 ||   165
  Eat: Chunk             |     6 |       ||     6
Armor: Scale mail        |    84 |     3 ||    87
Dodge: Dodged            |    53 |     1 ||    54
Block: Shield            |   101 |       ||   101
       Rpst.: Long sword |    19 |       ||    19
